AoeStats
← esteban.whipple

Arabia

510661135Analyzed
1v1 RM · 7h ago on Oct 2, 2026· 107m 49s· 2 players
Game mode
Random Map
Map size
Tiny (2 player)
Population
200
Speed
Normal
Resources
Standard
Victory
Conquest
Starting age
Dark Age
Ending age
Imperial Age
RankedLock teamsTeams togetherTeam positionsShared explorationLock speedFull tech treeHidden civsTurbo modeCheats
Victory
Defeat
🇺🇸 Saxons · United States
682
+16
🇨🇱 Vietnamese · Chile
673
-16
esteban.whipple
3:02 Loom
11:35 Feudal Age
12:18 Double-Bit Axe
14:07 Wheelbarrow
15:49 Man-at-Arms
17:07 Fletching
17:32 Forging
17:52 Town Watch
19:03 Gold Mining
19:34 Padded Archer Armor
20:20 Scale Mail Armor
21:07 Arson
25:56 Castle Age
24:21 Horse Collar
27:16 Hand Cart
27:13 Bow Saw
27:05 Heavy Plow
27:00 Stone Mining
27:14 Squires
26:41 Elite Skirmisher
28:30 Town Patrol
30:23 Pikeman
31:53 Long Swordsman
32:50 Crossbowman
33:38 Thumb Ring
33:58 Ballistics
35:28 Leather Archer Armor
37:24 Bodkin Arrow
38:06 Iron Casting
37:46 Chain Mail Armor
39:34 Masonry
39:05 Treadmill Crane
39:42 Light Cavalry
40:33 Bloodlines
40:25 Husbandry
44:51 Imperial Age
44:04 Scale Barding Armor
45:06 Imperial Skirmisher
46:13 Two-Handed Swordsman
46:56 Cavalier
53:00 Paper Money
62:57 Stone Shaft Mining
63:23 Ring Archer Armor
63:16 Chain Barding Armor
62:37 Champion
64:08 Bracer
64:39 Plate Mail Armor
66:35 Chemistry
65:40 Siege Engineers
66:44 Halberdier
77:58 Guilds
80:35 Elite Fire Lancer
83:47 Hoardings
103:56 Light Cavalry
Ex Milkman
0:40 Loom
12:55 Feudal Age
14:06 Horse Collar
14:13 Double-Bit Axe
21:11 Castle Age
20:48 Gold Mining
20:48 Stone Mining
21:14 Man-at-Arms
22:16 Bloodlines
24:12 Forging
24:02 Scale Mail Armor
28:17 Bow Saw
34:49 Imperial Age
32:24 Padded Archer Armor
32:24 Scale Mail Armor
33:11 Fletching
34:15 Gambesons
36:27 Hoardings
37:54 Squires
38:48 Iron Casting
38:28 Chain Mail Armor
38:18 Scale Barding Armor
38:08 Bodkin Arrow
38:06 Elite Skirmisher
39:22 Light Cavalry
41:56 Clerical Recruitment
42:22 Capped Ram
43:54 Cavalier
44:34 Husbandry
44:36 Long Swordsman
47:49 Thumb Ring
47:05 Cranequins
53:59 Siege Ram
54:30 Onager
56:17 Theocracy
55:51 Pikeman
59:41 Two-Man Saw
59:33 Elite Hearth Troop
59:49 Shield Wall
61:18 Illumination
62:38 Elite Varangian Guard
63:05 Arson
65:15 Chemistry
64:27 Masonry
63:59 Treadmill Crane
64:11 Guard Tower
65:04 Block Printing
65:07 Two-Handed Swordsman
67:55 Halberdier
70:54 Champion
75:56 Conscription
75:07 Sappers
77:11 Gold Shaft Mining
78:21 Hussar
81:10 Crossbowman
97:54 Wheelbarrow
97:04 Town Watch
97:28 Murder Holes
102:29 Heavy Plow
104:15 Plate Mail Armor
104:17 Chain Barding Armor
Connection lost

Rejoining the realm…

Still unreachable

The connection could not be restored.

Session expired

The server has moved on; the page needs a fresh start.